 Dungeon Crawl Stone Soup version 0.24-a0-264-gf46a388 (webtiles) character file.

Game seed: 8989527414566642050

224 Hasart the Firebug (level 5, -2/28 HPs)
             Began as a Deep Elf Fire Elementalist on Apr 20, 2019.
             Slain by a worker ant (6 damage)
             ... on level 4 of the Dungeon.
             The game lasted 00:05:02 (2666 turns).

Hasart the Firebug (Deep Elf Fire Elementalist)     Turns: 2666, Time: 00:05:03

Health: -2/28      AC:  2    Str:  5    XL:     5   Next: 67%
Magic:  9/13       EV: 14    Int: 21    God:
Gold:   149        SH:  0    Dex: 15    Spells: 7/12 levels left

rFire    . . .     SeeInvis .   (no weapon)
rCold    . . .     Gourm    .   (no shield)
rNeg     . . .     Faith    .   a - +0 robe
rPois    .         Spirit   .   (no helmet)
rElec    .         Reflect  .   (no cloak)
rCorr    .         Harm     .   (no gloves)
MR       .....                  (no boots)
Stlth    ++........             (no amulet)
HPRegen  0.09/turn              (no ring)
MPRegen  0.13/turn              (no ring)

@: no status effects
A: no striking features
a: no special abilities


You were on level 4 of the Dungeon.
You were not hungry.

You visited 1 branch of the dungeon, and saw 4 of its levels.

You collected 149 gold pieces.

Inventory:

Armour
 a - a +0 robe (worn)
 f - a +0 buckler
Wands
 i - a wand of flame (12)
Scrolls
 b - 3 scrolls of remove curse {unknown}
 h - 5 scrolls of identify {unknown}
 j - a scroll of noise {unknown}
Potions
 d - 2 potions of agility {unknown}
 e - a potion of curing {unknown}
 g - a potion of berserk rage {unknown}
Comestibles
 c - 3 rations
 k - 3 chunks of flesh


   Skills:
 + Level 3.5 Dodging
 - Level 2.4 Stealth
 + Level 1.2 Shields
 + Level 4.1 Spellcasting
 * Level 3.4 Conjurations
 * Level 4.7 Fire Magic


You had 7 spell levels left.
You knew the following spells:

 Your Spells              Type           Power        Failure   Level  Hunger
a - Flame Tongue          Conj/Fire      ###..        2%          1    None
b - Sticky Flame          Conj/Fire      ###.....     22%         4    ####...

Your spell library contained the following spells:

 Spells                   Type           Power        Failure   Level  Hunger
 Throw Flame              Conj/Fire      ###...       3%          2    #......
 Conjure Flame            Conj/Fire      ###.....     7%          3    ###....
 Inner Flame              Hex/Fire       ##......     14%         3    ###....
 Fireball                 Conj/Fire      ###.......   52%         5    ######.


Dungeon Overview and Level Annotations

Branches:
Dungeon (4/15)
 Temple: D:4-7

Altars:
Fedhas
The Shining One

Annotations:
D:3 1 runed translucent door


Message History

Confirm with . or Enter, or press ? or * to list all spells.
Aiming: Sticky Flame (slightly dangerous; 22% risk of failure)
Press: ? - help, Shift-Dir - straight line, f - worker ant
Aim: a worker ant
Okay, then.
The centaur unwields a +0 shortbow.
The centaur hits you. The worker ant bites you.
* * * LOW HITPOINT WARNING * * *
Casting: Sticky Flame (slightly dangerous; 22% risk of failure)
Confirm with . or Enter, or press ? or * to list all spells.
Aiming: Sticky Flame (slightly dangerous; 22% risk of failure)
Press: ? - help, Shift-Dir - straight line, f - centaur
Aim: a centaur The sticky flame hits the centaur.
The centaur is moderately wounded.
The centaur is covered in liquid flames!
The centaur burns!
The centaur hits you.
* * * LOW HITPOINT WARNING * * *
The worker ant bites you.
You die...

... ... .. ..# #.#
#.. #.## #..# #.. #..
...## # #... #.. ....
.. #...###.# #..PP..
#...(.#.########.PPPP
##..#(#...>....#PP_PP
#...@a.........P.PcP
##.#.c.#######.P.PPP.
#.#...# #.......
......# #####.##
##.#..## .# #....# .#
##.#.# # .###. ## .


You could see a centaur (burning) and a worker ant.

Vanquished Creatures
  A jelly (D:2)
  An orc priest (D:4)
  Natasha (thrice) (D:2)
  Robin (D:3)
  An adder (D:3)
  An ooze (D:1)
  2 worms (D:2)
  4 dart slugs
  A leopard gecko (D:3)
  2 orcs (D:4)
  A giant cockroach (D:2)
  4 goblins
  6 hobgoblins
  4 jackals (D:2)
  A ball python (D:2)
  6 bats
  4 frilled lizards
  6 kobolds
  12 rats
61 creatures vanquished.

Notes
Turn   | Place    | Note
-------+----------+-------------------------------------------
     0 | D:1      | Hasart the Deep Elf Fire Elementalist began the quest for
                  | the Orb.
     0 | D:1      | Reached XP level 1. HP: 10/10 MP: 6/6
   358 | D:1      | Reached XP level 2. HP: 15/15 MP: 1/8
  1033 | D:2      | Reached XP level 3. HP: 11/19 MP: 0/9
  1258 | D:2      | Found a glowing golden altar of the Shining One.
  1353 | D:2      | Reached XP level 4. HP: 24/24 MP: 6/11
  1397 | D:2      | Learned a level 4 spell: Sticky Flame
  1407 | D:2      | Noticed Natasha
  1413 | D:2      | Killed Natasha
  1664 | D:2      | Noticed Natasha
  1667 | D:2      | Killed Natasha
  1852 | D:2      | Noticed Natasha
  1858 | D:2      | Killed Natasha
  1858 | D:2      | Reached skill level 1 in Shields
  1858 | D:2      | Reached XP level 5. HP: 18/28 MP: 5/12
  2451 | D:3      | Found a runed translucent door.
  2493 | D:3      | Noticed Robin
  2503 | D:3      | Killed Robin
  2505 | D:4      | Found a blossoming altar of Fedhas.
  2505 | D:4      | Noticed a centaur
  2666 | D:4      | Slain by a worker ant

Levels and vault maps discovered:
D:1:      lemuel_arrival_funnel, layout_rooms, serial_forest,
          infiniplex_forest_clump_medium, infiniplex_forest_lined_room_,
          infiniplex_forest_zigzag_1, infiniplex_forest_clump_small,
          chequers_serial_rivers_micro_b, chequers_arboretum, hex_tiny
D:2:      layout_loops_cross, tso_metal_star, uniq_natasha
D:3:      layout_rooms, first_ration, ebering_ghost_reflecting_pool,
          brannock_xom_greatest_gift, uniq_grinder, uniq_robin, uniq_ijyb
D:4:      layout_loops_ring, fedhas_bush_and_centaur_altar

Skill      XL: |  1  2  3  4  5 |
---------------+----------------+-----
Conjurations   | 2 3 |  3.4
Dodging        | 3 |  3.5
Fire Magic     | 4 |  4.7
Shields        | 1 |  1.2
Spellcasting   | 4 |  4.1
Stealth        | |  2.4

Action                   |  1- 3 |  4- 6 || total
-------------------------+-------+-------++-------
Melee: Unarmed           |     3 |     1 ||     4
 Cast: Flame Tongue      |    62 |    49 ||   111
       Sticky Flame      |       |     7 ||     7
  Eat: Chunk             |     1 |     5 ||     6
Armor: Robe              |     7 |     5 ||    12
Dodge: Dodged            |    20 |    21 ||    41

Table legend:
 A = Non-vault XP
 B = Vault XP
 C = Vault XP percentage of total XP
 D = Non-vault monster count
 E = Vault monster count
 F = Vault count percentage of total count
                 A         B        C        D         E       F
            +---------+---------+-------+---------+---------+-------
      Total |     270 |      51 |  15.9 |      59 |       2 |   3.3
            +---------+---------+-------+---------+---------+-------
        D:1 |      31 |       0 |   0.0 |      18 |       0 |   0.0
        D:2 |     163 |      36 |  18.1 |      29 |       1 |   3.3
        D:3 |      29 |      15 |  34.1 |       9 |       1 |  10.0
        D:4 |      47 |       0 |   0.0 |       3 |       0 |   0.0
            +---------+---------+-------+---------+---------+-------
